 Dungeon Crawl Stone Soup version 0.19.5 (webtiles) character file.

1345 tof the Cleaver (level 8, -2/106 HPs)
             Began as a Minotaur Berserker on Mar 9, 2017.
             Was an Elder of Trog.
             Slain by Pikel
             ... wielding a +1 whip of flaming
              (8 damage)
             ... on level 5 of the Dungeon.
             The game lasted 00:10:59 (4610 turns).

tof the Cleaver (Minotaur Berserker)                Turns: 4610, Time: 00:11:00

Health: -2/106     AC:  8    Str: 27    XL:     8   Next: 36%
Magic:  7/7        EV: 13    Int:  4    God:    Trog [****..]
Gold:   188        SH:  0    Dex: 12    Spells: 0 memorised, 7 levels left

rFire  . . .     SeeInvis .     D - +0 flail (holy)
rCold  . . .     Gourm    .     B - +0 ring mail
rNeg   . . .     Faith    .     (no shield)
rPois  .         Spirit   .     (helmet restricted)
rElec  .         Reflect  .     (no cloak)
rCorr  .         Harm     .     o - +1 pair of gloves
MR     .....                    (no boots)
Stlth  ..........               (no amulet)
                                (no ring)
                                (no ring)

@: berserking (expiring), very quick
A: retaliatory headbutt, horns 2
a: Berserk, Trog's Hand, Brothers in Arms, Burn Spellbooks, Renounce Religion


You were on level 5 of the Dungeon.
You worshipped Trog.
Trog was greatly pleased with you.
You were hungry.

You visited 1 branch of the dungeon, and saw 5 of its levels.
You also visited: Sewer.

You collected 188 gold pieces.

Inventory:

Hand Weapons
 a - a +0 hand axe
 D - a +0 flail of holy wrath (weapon)
Missiles
 i - 7 javelins (quivered)
Armour
 b - a +0 animal skin
 o - a +1 pair of gloves (worn)
 t - a +0 leather armour
 x - a +0 chain mail
 B - a +0 ring mail (worn)
Wands
 m - a wand of flame (24/48)
Scrolls
 d - 3 scrolls of identify
 e - 3 scrolls of blinking
 n - a scroll of noise {unknown}
 q - 2 scrolls of fear {unknown}
 r - 2 scrolls of recharging {unknown}
 s - 3 scrolls of teleportation {unknown}
 y - a scroll of remove curse
Potions
 g - a potion of berserk rage
 h - 2 potions of magic {unknown}
 l - 3 potions of heal wounds {unknown}
 p - a potion of might {unknown}
 u - a potion of agility {unknown}
 v - a potion of degeneration {unknown}
 w - a potion of brilliance {unknown}
 A - 2 potions of curing {unknown}
 C - a potion of flight {unknown}
 E - 2 potions of mutation {unknown}
Comestibles
 c - 2 bread rations
 f - 2 meat rations
 j - 3 beef jerkies
 k - 2 slices of pizza
 z - 4 chunks of flesh


   Skills:
 + Level 6.8 Fighting
 * Level 8.6 Axes
 + Level 5.7 Armour
 + Level 5.2 Dodging


You had 7 spell levels left.
You didn't know any spells.

Dungeon Overview and Level Annotations

Branches:
Dungeon (5/15)             Temple (0/1) D:5

Altars:

Annotations:
D:5 Pikel


Innate Abilities, Weirdness & Mutations

You reflexively headbutt those who attack you in melee.
You have a pair of horns on your head.


Message History

You sock Pikel! You headbutt Pikel.
Pikel is heavily wounded.
The slave closely misses you. The slave misses you.
The slave hits you but does no damage. Pikel hits you but does no damage.
You barely miss Pikel.
Pikel is heavily wounded.
Pikel closely misses you. You furiously retaliate!
You headbutt Pikel. The slave barely misses you.
The slave hits you but does no damage. x2
You closely miss Pikel.
Pikel is heavily wounded.
Pikel misses you. The slave hits you!
* * * LOW HITPOINT WARNING * * *
The slave hits you.
* * * LOW HITPOINT WARNING * * *
The slave closely misses you.
Unknown command.
You closely miss Pikel. You headbutt Pikel!
Pikel is severely wounded.
Pikel closely misses you. Pikel hits you with a whip of flaming!
You die...

.####.... .......# ..#
......# ..# #.....# ..#
.....# ..# #...# ..#
#####..# ..#
.......##########p.#####
#####...........@pp.....
#...........pK..####
#.............###
###############


You could see Pikel (berserk) and 4 slaves.

Vanquished Creatures
  Edmund (D:5)
  Duvessa (D:5)
  An ice beast (D:5)
  3 ogres (D:4)
  2 centaurs (D:5)
  A bullfrog (D:4)
  Dowan (D:5)
  A scorpion (D:4)
  A howler monkey (D:5)
  A jelly (D:5)
  2 orc priests (D:4)
  4 orc wizards
  2 worker ants
  A worker ant zombie (D:2)
  5 adders
  An ooze (D:2)
  An adder skeleton (D:5)
  3 worms
  A dart slug (D:1)
  4 leopard geckos
  17 orcs
  5 ball pythons
  2 bats (D:1)
  A bat skeleton (D:2)
  A bat zombie (D:2)
  2 giant cockroaches (D:3)
  10 goblins
  6 hobgoblins
  4 jackals
  3 quokkas
  6 frilled lizards
  A jackal skeleton (D:4)
  7 kobolds
  A leopard gecko skeleton (D:2)
  2 quokka zombies
  18 rats
123 creatures vanquished.

Notes
Turn   | Place    | Note
-------+----------+-------------------------------------------
     0 | D:1      | tof the Minotaur Berserker began the quest for the Orb.
     0 | D:1      | Reached XP level 1. HP: 19/19 MP: 0/0
   143 | D:1      | Reached XP level 2. HP: 22/27 MP: 1/1
   159 | D:1      | Reached skill level 4 in Axes
   406 | D:2      | Found a faded altar of an unknown god.
   437 | D:2      | Reached XP level 3. HP: 24/33 MP: 2/2
   457 | D:2      | Reached ** piety under Trog
   809 | D:2      | Reached XP level 4. HP: 30/41 MP: 3/3
  1324 | D:3      | Reached skill level 5 in Axes
  1339 | D:3      | Found a glowing drain.
  1345 | Sewer    | Entered a sewer
  1889 | D:3      | Reached *** piety under Trog
  2070 | D:3      | Reached XP level 5. HP: 44/47 MP: 4/4
  2512 | D:4      | Noticed an ogre
  2518 | D:4      | Killed an ogre
  2518 | D:4      | Reached skill level 5 in Fighting
  2635 | D:4      | Reached XP level 6. HP: 47/56 MP: 5/5
  2680 | D:4      | Reached skill level 6 in Axes
  3033 | D:4      | Reached XP level 7. HP: 57/61 MP: 6/6
  3272 | D:4      | Reached skill level 7 in Axes
  3650 | D:5      | Entered Level 5 of the Dungeon
  3856 | D:5      | Noticed Edmund
  3868 | D:5      | Killed Edmund
  3868 | D:5      | Reached skill level 5 in Armour
  4050 | D:5      | Reached **** piety under Trog
  4061 | D:5      | Reached XP level 8. HP: 58/71 MP: 7/7
  4163 | D:5      | Found a staircase to the Ecumenical Temple.
  4163 | D:5      | Noticed Duvessa
  4164 | D:5      | Noticed Dowan
  4171 | D:5      | Killed Duvessa
  4171 | D:5      | Reached skill level 8 in Axes
  4171 | D:5      | Reached skill level 5 in Dodging
  4174 | D:5      | Killed Dowan
  4592 | D:5      | Noticed Pikel
  4610 | D:5      | Slain by Pikel

Skill      XL: |  1  2  3  4  5  6  7  8 |
---------------+-------------------------+-----
Axes           | 4 5 6 7 8 |  8.6
Fighting       | 4 5 6 |  6.8
Armour         | 3 4 5 |  5.7
Dodging        | 3 4 5 |  5.2

Action                   |  1- 3 |  4- 6 |  7- 9 || total
-------------------------+-------+-------+-------++-------
Melee: Hand axe          |    59 |   127 |    95 ||   281
       Headbutt          |    11 |    26 |    34 ||    71
       Flail             |       |       |    48 ||    48
Throw: Javelin           |       |     3 |       ||     3
Invok: Berserk           |       |       |     1 ||     1
  Use: Scroll            |       |     5 |       ||     5
  Eat: Chunk             |       |     7 |     5 ||    12
Armor: Animal skin       |     9 |    18 |       ||    27
       Chain mail        |       |    18 |    13 ||    31
       Leather armour    |       |     1 |       ||     1
       Ring mail         |       |       |    37 ||    37
Dodge: Dodged            |    37 |    86 |    90 ||   213
